[Event "Titled Tuesday Blitz December 27 Late 2022"]
[White "Talibov, Shiroghlan"]
[Black "Zakhartsov, Vladimir"]
[WhiteFideId "13429078"]
[BlackFideId "4145097"]
[WhiteElo "2359"]
[BlackElo "2552"]
[Result "1-0"]
[Round "07"]
[TimeControl "180+2"]
[Date "2022.12.27"]
[WhiteClock "0:00:56"]
[BlackClock "0:00:02"]

1. b3 a5 2. a3 a4 3. b4 e6 4. Bb2 Nf6 5. c4 c5 6. bxc5 Bxc5 7. Nf3 Qb6 8. Qc2 Bxf2+ 9. Kd1 Bc5 10. Nc3 Nc6 11. e3 Ng4 12. Ke1 O-O 13. Bd3 f5 14. Rb1 Qa5 15. Nb5 Nxe3 16. Qc1 Nxg2+ 17. Kd1 Nf4 18. Bc2 d5 19. d4 dxc4 20. Bc3 Qd8 21. Qxf4 Ne7 22. Rg1 Nd5 23. Qe5 g6 24. Ba1 Be7 25. Qe2 Bd7 26. Nc3 Rc8 27. Ne5 Bf6 28. Rxb7 Bc6 29. Nxg6 Bxb7 30. Qxe6+ Kg7 31. Nxf8+ Bg5 32. Nxd5 Bxd5 33. Qxf5 h6 34. Ne6+ Bxe6 35. d5+ c3 36. Qg6+ Kf8 37. Rf1+ 1-0


[Site "https://www.chess.com"]

[Event "Titled Tuesday Blitz December 27 Late 2022"]
[White "Tanenbaum, Zachary"]
[Black "Rodriguez Fontecha, Marcos"]
[WhiteFideId "2060850"]
[BlackFideId "2256576"]
[WhiteElo "2261"]
[BlackElo "2309"]
[Result "1-0"]
[Round "07"]
[TimeControl "180+2"]
[Date "2022.12.27"]
[WhiteClock "0:01:53"]
[BlackClock "0:00:58"]

1. e4 e6 2. d4 c5 3. Nc3 cxd4 4. Qxd4 Nc6 5. Qd1 Bb4 6. Bd2 Nf6 7. Nf3 d5 8. exd5 Nxd5 9. Nxd5 Qxd5 10. Bd3 O-O 11. O-O Rd8 12. Re1 Bxd2 13. Qxd2 b6 14. Qf4 Bb7 15. Ng5 f5 16. Bc4 Qd4 17. Bxe6+ Kf8 18. Qxf5+ 1-0


[Site "https://www.chess.com"]

[Event "Titled Tuesday Blitz December 27 Late 2022"]
[White "Tomaszewski, Kacper"]
[Black "Vlassov, Nikolai"]
[WhiteFideId "1127373"]
[BlackFideId "4103360"]
[WhiteElo "2313"]
[BlackElo "2283"]
[Result "0-1"]
[Round "07"]
[TimeControl "180+2"]
[Date "2022.12.27"]
[WhiteClock "0:00:01"]
[BlackClock "0:00:07"]

1. e4 c5 2. Nf3 d6 3. c3 Nf6 4. g3 g6 5. Bg2 Bg7 6. O-O O-O 7. d3 Nc6 8. Nbd2 Rb8 9. Re1 b5 10. d4 b4 11. Nb3 bxc3 12. bxc3 cxd4 13. cxd4 d5 14. e5 Ne4 15. Bf4 Rb6 16. Nfd2 Nxd2 17. Qxd2 Ba6 18. Nc5 Bc4 19. e6 Nxd4 20. Nd7 Rxe6 21. Nxf8 Qxf8 22. Rad1 Ne2+ 23. Kh1 Bc3 24. Rxe2 Bxd2 25. Rexd2 Re2 26. Rxe2 Bxe2 27. Rxd5 Kg7 28. Rd7 a6 29. Be5+ f6 30. Bd6 Kh6 31. Rxe7 Qd8 32. Rxe2 Qxd6 33. Bf3 f5 34. Kg2 Kg5 35. Rc2 h5 36. h4+ Kh6 37. Rc6 Qa3 38. Bd5 Kg7 39. Rc7+ Kf6 40. Rc6+ Ke5 41. Bb3 f4 42. Re6+ Kf5 43. gxf4 Qb4 44. Re5+ Kxf4 45. Re6 Kf5 46. Re3 Qxh4 47. Rf3+ Ke5 48. Re3+ Kd4 49. Rg3 Qe4+ 50. Kh2 h4 51. Rg2 Qf4+ 52. Kg1 g5 53. Kh1 h3 0-1


[Site "https://www.chess.com"]

[Event "Titled Tuesday Blitz December 27 Late 2022"]
[White "Toncheva, Nadya"]
[Black "Arnold, Ken"]
[WhiteFideId "2924056"]
[BlackFideId "2056836"]
[WhiteElo "2295"]
[BlackElo "2355"]
[Result "1-0"]
[Round "07"]
[TimeControl "180+2"]
[Date "2022.12.27"]
[WhiteClock "0:00:16"]
[BlackClock "0:00:15"]

1. e4 c6 2. d4 d5 3. Nc3 dxe4 4. Nxe4 Nf6 5. Nxf6+ exf6 6. c3 Bd6 7. Bd3 O-O 8. Ne2 Re8 9. O-O Bg4 10. f3 Bh5 11. Nf4 Bg6 12. Nxg6 hxg6 13. Re1 Nd7 14. Be3 Qc7 15. h3 Bh2+ 16. Kh1 Bg3 17. Re2 f5 18. Qf1 Nf6 19. Bf2 Nh5 20. Rae1 Rxe2 21. Qxe2 Kh7 22. Bc4 Re8 23. Qxe8 Bxf2 24. Qe5 Ng3+ 25. Kh2 Qxe5 26. Rxe5 b5 27. Bd3 Nh5 28. Re7 Bg3+ 29. Kg1 f6 30. Rxa7 Bf4 31. Re7 1-0


[Site "https://www.chess.com"]

[Event "Titled Tuesday Blitz December 27 Late 2022"]
[White "Vaibhav Jayant Raut"]
[Black "Defend, Balint"]
[WhiteFideId "5089034"]
[BlackFideId "17004853"]
[WhiteElo "2237"]
[BlackElo "1673"]
[Result "1-0"]
[Round "07"]
[TimeControl "180+2"]
[Date "2022.12.27"]
[WhiteClock "0:00:15"]
[BlackClock "0:00:09"]

1. c4 Nf6 2. Nc3 e6 3. g3 d5 4. d4 dxc4 5. Nf3 c5 6. Qa4+ Nc6 7. dxc5 Bxc5 8. Qxc4 Qe7 9. Bg5 Bb6 10. Bg2 Bd7 11. O-O Rc8 12. Qh4 h6 13. Ne4 Bd8 14. Rad1 Rc7 15. Rd2 Rh7 16. Bxf6 gxf6 17. Rfd1 f5 18. Nd6+ Kf8 19. Qf4 e5 20. Qe3 e4 21. Nh4 Qe5 22. Nc4 Qe8 23. Qf4 Qe6 24. b3 b5 25. Rd6 Qe8 26. Rxh6 Rxh6 27. Qxh6+ Kg8 28. Nd6 Qe5 29. Qh5 Bxh4 30. Qxf7+ Kh8 31. gxh4 Qe6 32. Qf8+ Kh7 33. Nxb5 Rb7 34. Rd6 Rxb5 35. Rxe6 Bxe6 36. Qd6 Bd5 37. h5 Nd4 38. Qg6+ Kh8 39. Qf6+ 1-0


[Site "https://www.chess.com"]

[Event "Titled Tuesday Blitz December 27 Late 2022"]
[White "Vakhlamov, Igor L."]
[Black "Korchmar, Vasiliy"]
[WhiteFideId "24126748"]
[BlackFideId "24131750"]
[WhiteElo "2413"]
[BlackElo "2438"]
[Result "0-1"]
[Round "07"]
[TimeControl "180+2"]
[Date "2022.12.27"]
[WhiteClock "0:00:04"]
[BlackClock "0:00:11"]

1. e4 c5 2. Nf3 d6 3. Nc3 Nc6 4. Bb5 Bd7 5. Bxc6 Bxc6 6. d4 cxd4 7. Qxd4 Nf6 8. Bg5 e6 9. O-O-O Be7 10. Rhe1 Qa5 11. Nd5 Bxd5 12. exd5 Qxa2 13. dxe6 fxe6 14. Rd3 e5 15. Nxe5 dxe5 16. Rxe5 O-O 17. Rxe7 Qa1+ 18. Kd2 Qa5+ 19. Ke2 Qxg5 20. Rg3 Qh5+ 21. Kf1 Rf7 22. Re5 Qh6 23. Reg5 Nh5 24. R3g4 Nf6 25. Rg3 Nh5 26. R3g4 Qa6+ 27. c4 Qa1+ 28. Ke2 Re8+ 29. Kd2 Rxf2+ 30. Kd3 Qd1+ 31. Kc3 Rc2+ 32. Kb4 Qxd4 33. Rxd4 Nf6 34. Kb3 Rce2 0-1


[Site "https://www.chess.com"]

[Event "Titled Tuesday Blitz December 27 Late 2022"]
[White "Vifleemskaia, Svetlana"]
[Black "Rangel, Daniel"]
[WhiteFideId "4129490"]
[BlackFideId "2124475"]
[WhiteElo "1971"]
[BlackElo "2207"]
[Result "1-0"]
[Round "07"]
[TimeControl "180+2"]
[Date "2022.12.27"]
[WhiteClock "0:00:49"]
[BlackClock "0:00:06"]

1. d4 Nf6 2. c4 g6 3. Nc3 Bg7 4. e4 O-O 5. Nge2 d6 6. Ng3 Nbd7 7. Be2 e5 8. d5 a5 9. O-O Nc5 10. Be3 c6 11. Rc1 cxd5 12. cxd5 Nfd7 13. Nb5 Qe7 14. Nc7 Rb8 15. Nb5 b6 16. a3 Ba6 17. b4 axb4 18. axb4 Nb7 19. Rc7 Rfc8 20. Qc2 Qd8 21. Rc1 Rxc7 22. Qxc7 Nf8 23. Bxb6 Bf6 24. Qc6 Bxb5 25. Bxd8 Nxd8 26. Qxb5 Rxb5 27. Bxb5 Bg5 28. Rc8 Kg7 29. Bc6 f6 30. b5 Nf7 31. b6 Bd2 32. b7 Ba5 33. b8=Q g5 34. Rxf8 Kg6 35. Qe8 1-0


[Site "https://www.chess.com"]

[Event "Titled Tuesday Blitz December 27 Late 2022"]
[White "Vovk, Orest"]
[Black "Przybylski, Wojciech"]
[WhiteFideId "14113490"]
[BlackFideId "1117599"]
[WhiteElo "2315"]
[BlackElo "2321"]
[Result "1-0"]
[Round "07"]
[TimeControl "180+2"]
[Date "2022.12.27"]
[WhiteClock "0:00:02"]
[BlackClock "0:00:01"]

1. h4 e5 2. h5 d5 3. h6 Nxh6 4. d4 Nc6 5. Bxh6 gxh6 6. dxe5 Nxe5 7. Nf3 Bd6 8. Nxe5 Bxe5 9. Nc3 Be6 10. Rxh6 Qg5 11. Rh1 O-O-O 12. Qd2 Qf6 13. O-O-O Qxf2 14. e3 Qg3 15. Bd3 d4 16. Ne4 Qxe3 17. Qxe3 dxe3 18. Rde1 Bd5 19. Rhf1 Rhg8 20. Nf6 Bxg2 21. Rf5 Bxf6 22. Rxf6 Bd5 23. Rxe3 h5 24. Rh3 Rg5 25. Rh6 Be6 26. R3xh5 Rxh5 27. Rxh5 Kd7 28. Kd2 Rg8 29. Ke3 b6 30. a4 c5 31. a5 Kd6 32. a6 Rg3+ 33. Kf4 Rg4+ 34. Ke3 c4 35. Be4 Rg3+ 36. Kd4 Rg4 37. Ke3 Rg8 38. Rh1 b5 39. Rd1+ Kc5 40. c3 Re8 41. Kf4 Bc8 42. Rd5+ Kb6 43. Rd6+ Kc7 44. Rc6+ Kd7 45. Rh6 Ke7 46. Bc6 Rd8 47. Bxb5 Be6 48. Bc6 Kd6 49. Bb7 Rg8 50. Rh2 Kc5 51. Rh5+ Kd6 52. Ke3 Rg1 53. Rb5 Rd1 54. Bf3 Rd3+ 55. Kf2 Bc8 56. Bb7 Bd7 57. Rb4 Kc5 58. Be4 Rd2+ 59. Ke3 Rd6 60. Rb7 Bb5 61. Rxa7 Rxa6 62. Rxf7 Re6 63. Kf4 Rd6 64. Rf5+ Kb6 65. Bd5 Rh6 66. Ke5 Kc5 67. Bf3 Kb6 68. Kd4 Rh4+ 69. Ke3 Rh2 70. Rf6+ Kc5 71. Be2 Rh3+ 72. Kf2 Rh2+ 73. Ke1 Rh1+ 74. Kd2 Rh2 75. Rf5+ Kb6 76. Re5 Rg2 77. b3 Rh2 78. b4 Rh6 79. Ke3 Rh3+ 80. Kd4 Rh4+ 81. Re4 1-0


[Site "https://www.chess.com"]

[Event "Titled Tuesday Blitz December 27 Late 2022"]
[White "Weisz, Bryan"]
[Black "Bambino Filho, Antonio Carlos"]
[WhiteFideId "30934133"]
[BlackFideId "2113163"]
[WhiteElo "1973"]
[BlackElo "2144"]
[Result "0-1"]
[Round "07"]
[TimeControl "180+2"]
[Date "2022.12.27"]
[WhiteClock "0:00:06"]
[BlackClock "0:00:10"]

1. e4 c5 2. Nf3 Nc6 3. d4 cxd4 4. Nxd4 e6 5. Nb5 d6 6. c4 Nf6 7. N5c3 Be7 8. Be2 O-O 9. O-O a6 10. Be3 Qc7 11. Na3 b6 12. Rc1 Qb7 13. Na4 Nd7 14. Qb3 Na5 15. Qb4 Nc6 16. Qd2 Nc5 17. Nxc5 bxc5 18. b3 e5 19. Nb1 Nd4 20. Nc3 Be6 21. Bxd4 cxd4 22. Nd5 Bd8 23. f4 h6 24. Bf3 a5 25. c5 dxc5 26. Rxc5 exf4 27. Qxf4 Bg5 28. Qe5 Rac8 29. Qxd4 Qa7 30. Rc4 Qxd4+ 31. Rxd4 Rc2 32. a4 Rb8 33. Rd3 Rb2 34. Bd1 Kh8 35. g3 Bd8 36. Rf2 Rb1 37. Kg2 Bb6 38. Bc2 Rb2 39. Nxb6 Rxb6 40. Bd1 Rb1 41. Bc2 Rb2 42. Bd1 Rb1 43. Bf3 Rc1 44. Rfd2 Rb1 45. e5 Kh7 46. Be4+ g6 47. Rd8 R1xb3 48. R8d6 Rb2 49. Rxb6 Rxd2+ 50. Kf3 Rd4 51. Bc2 Rc4 52. Bb3 Rc3+ 53. Ke4 Rxb3 54. Ra6 Rb4+ 55. Ke3 Rxa4 0-1


[Site "https://www.chess.com"]

[Event "Titled Tuesday Blitz December 27 Late 2022"]
[White "Wu, Brandon"]
[Black "Araujo Sanchez, Josue"]
[WhiteFideId "30909228"]
[BlackFideId "6416896"]
[WhiteElo "2123"]
[BlackElo "2303"]
[Result "0-1"]
[Round "07"]
[TimeControl "180+2"]
[Date "2022.12.27"]
[WhiteClock "0:00:39"]
[BlackClock "0:01:49"]

1. Nf3 d5 2. c4 c6 3. g3 Nf6 4. Bg2 a6 5. d4 Bf5 6. O-O e6 7. Nbd2 Nbd7 8. b3 h6 9. Bb2 Bd6 10. h3 O-O 11. Ne5 Rc8 12. Re1 Bb4 13. a3 Bxd2 14. Qxd2 Be4 15. f3 Bh7 16. Nxd7 Nxd7 17. e4 Qb6 18. Qb4 Qc7 19. Rac1 dxe4 20. fxe4 Qxg3 21. e5 Rc7 22. d5 cxd5 23. cxd5 Rxc1 24. Rxc1 exd5 25. Qe7 Be4 26. Rc2 Bxc2 27. e6 Be4 28. exf7+ Rxf7 29. Qe8+ Nf8 0-1


[Site "https://www.chess.com"]

[Event "Titled Tuesday Blitz December 27 Late 2022"]
[White "Yano, William Jorge Froes"]
[Black "Bettalli, Francesco"]
[WhiteFideId "2112949"]
[BlackFideId "2816453"]
[WhiteElo "2045"]
[BlackElo "2252"]
[Result "1-0"]
[Round "07"]
[TimeControl "180+2"]
[Date "2022.12.27"]
[WhiteClock "0:01:21"]
[BlackClock "0:01:55"]

1. e4 g6 2. Nc3 Bg7 3. d3 c5 4. g3 Nc6 5. Bg2 d6 6. Nge2 e6 7. O-O Nge7 8. f4 O-O 9. f5 exf5 10. Bg5 f6 11. Be3 fxe4 12. dxe4 f5 13. Qd2 fxe4 14. Nxe4 Nf5 15. Bg5 Qe8 16. Rae1 Ncd4 17. c3 Nxe2+ 18. Rxe2 Be6 19. Nxc5 dxc5 20. Rxe6 Qa4 21. Bxb7 Rad8 22. Bxd8 Qxa2 23. Bd5 Bd4+ 24. Qxd4 1-0


[Site "https://www.chess.com"]

[Event "Titled Tuesday Blitz December 27 Late 2022"]
[White "Yurovskykh, Oleksandr"]
[Black "Subelj, Jan"]
[WhiteFideId "14134020"]
[BlackFideId "14618583"]
[WhiteElo "2328"]
[BlackElo "2513"]
[Result "1-0"]
[Round "07"]
[TimeControl "180+2"]
[Date "2022.12.27"]
[WhiteClock "0:00:05"]
[BlackClock "0:00:03"]

1. d4 Nc6 2. Nf3 e6 3. Bf4 d5 4. e3 Bd6 5. Nbd2 Nge7 6. Bd3 Ng6 7. Bxd6 Qxd6 8. h4 e5 9. h5 Nge7 10. dxe5 Nxe5 11. Nxe5 Qxe5 12. c3 h6 13. Qa4+ c6 14. Qd4 Qxd4 15. cxd4 Bf5 16. Ke2 Bxd3+ 17. Kxd3 Nf5 18. Nf3 Nd6 19. Ne5 Ke7 20. Rh4 Rhe8 21. Rg4 Kf8 22. Rf4 Re6 23. Rh1 Rae8 24. Rh3 f6 25. Ng6+ Kf7 26. Rg4 Ne4 27. Ke2 a5 28. Rh1 a4 29. Nf4 R6e7 30. Rd1 a3 31. Rb1 Ra8 32. Rh4 Ra6 33. Rhh1 Rb6 34. b3 Nc3+ 35. Kd2 Nxb1+ 36. Rxb1 Re4 37. Rc1 Rb4 38. Kd3 Rbxd4+ 39. exd4 Rxf4 40. Ke3 Rh4 41. Rc5 Rxh5 42. Ra5 Rh1 43. Rxa3 Re1+ 44. Kd2 Re7 45. Ra8 Ke6 46. a4 h5 47. Rh8 g6 48. b4 Kf5 49. Kd3 Kg4 50. b5 h4 51. bxc6 bxc6 52. Rc8 Ra7 53. Rxc6 Kg5 54. Rc5 Rxa4 55. Rxd5+ f5 56. Rc5 Kf4 57. Rc4 Ra3+ 58. Rc3 Ra2 59. d5 Ke5 60. Rc6 g5 61. Rg6 g4 62. Ke3 Ra3+ 63. Ke2 Kxd5 64. Rh6 Ke4 65. Rxh4 Ra2+ 66. Kf1 Ra1+ 67. Ke2 Ra2+ 68. Kf1 Kd3 69. g3 Ke4 70. Kg2 Ra5 71. Rh8 Re5 72. Rf8 Kd5 73. Rd8+ Ke6 74. Rd4 Kf6 75. Ra4 Kg5 76. Kf1 Rb5 77. Rc4 Rb1+ 78. Kg2 Rb2 79. Rc8 Re2 80. Rg8+ Kf6 81. Rf8+ Kg6 82. Rg8+ Kf7 83. Ra8 Kf6 84. Ra6+ Re6 85. Ra5 Re5 86. Ra4 Ke6 87. Kf1 Kd5 88. Ra8 Ke4 89. Rd8 Kf3 90. Rd3+ Ke4 91. Ra3 Kd5 92. Ra4 Re4 93. Ra8 Ke5 94. Kg2 Rd4 95. Rf8 Ke4 96. Ra8 Rd5 97. Ra2 Rd4 98. Re2+ Kd5 99. f3 gxf3+ 100. Kxf3 Re4 101. Rd2+ Ke5 102. Ra2 Rd4 103. Ra5+ Rd5 104. Ra3 Rc5 105. Re3+ Kf6 106. Kg2 Rc4 107. Rf3 Kg5 108. Kh3 Rc1 109. Ra3 Rh1+ 110. Kg2 Rb1 111. Ra5 Rb2+ 112. Kh3 Rb3 113. Ra4 Rc3 114. Rd4 Re3 115. Rc4 Rb3 116. Rd4 Kf6 117. Kh4 Ke5 118. Ra4 Re3 119. Ra5+ Ke4 120. Ra4+ Kd5 121. Rf4 Ke5 122. Rf1 Ke4 123. g4 f4 124. g5 Rg3 125. Kh5 Kf5 126. Kh4 Rxg5 127. Rb1 Rg3 128. Rb5+ Ke4 129. Rb8 1-0


[Site "https://www.chess.com"]

[Event "Titled Tuesday Blitz December 27 Late 2022"]
[White "marik_spb"]
[Black "Smith, Garrett L"]
[BlackFideId "2024829"]
[WhiteElo "2448"]
[BlackElo "2047"]
[Result "1-0"]
[Round "07"]
[TimeControl "180+2"]
[Date "2022.12.27"]
[WhiteClock "0:00:11"]
[BlackClock "0:00:04"]

1. d4 Nf6 2. c4 g6 3. Nf3 Bg7 4. g3 c6 5. Bg2 d5 6. O-O O-O 7. cxd5 cxd5 8. Nc3 Ne4 9. Nxe4 dxe4 10. Ne5 f6 11. Qb3+ e6 12. Nc4 f5 13. Bf4 Nc6 14. e3 g5 15. Bd6 Rf7 16. Rfd1 Na5 17. Nxa5 Qxd6 18. Rac1 b6 19. Nc4 Qd5 20. Ne5 Bxe5 21. dxe5 Qxb3 22. axb3 Bb7 23. Bf1 Bd5 24. Rc3 Rd7 25. Bb5 Re7 26. Kf1 Kf7 27. Rdc1 Kg6 28. Ke2 a6 29. Bc4 Rd7 30. Rd1 Bxc4+ 31. Rxc4 Rxd1 32. Kxd1 Rd8+ 33. Kc2 Rd5 34. Rc6 Rxe5 35. Rxb6 f4 36. Rxa6 fxg3 37. fxg3 Kf5 38. h3 Rd5 39. b4 Rd3 40. Ra3 Rd6 41. Ra5+ e5 42. b5 h5 43. Ra6 Rd7 44. b6 Rb7 45. Kc3 Ke6 46. Kc4 Kd6 47. Kb5 Kd5 48. Ra4 Rb8 49. Ka6 Kc6 50. Rc4+ Kd6 51. b7 1-0


[Site "https://www.chess.com"]

[Event "Titled Tuesday Blitz December 27 Late 2022"]
[White "reevecanada"]
[Black "Silva, Miguel Antonio Neto"]
[BlackFideId "1911929"]
[WhiteElo "2430"]
[BlackElo "2204"]
[Result "1-0"]
[Round "07"]
[TimeControl "180+2"]
[Date "2022.12.27"]
[WhiteClock "0:00:10"]
[BlackClock "0:00:51"]

1. e4 c5 2. Nf3 d6 3. d4 cxd4 4. Nxd4 Nf6 5. Nc3 a6 6. f3 e5 7. Nde2 Be6 8. Bg5 Be7 9. Qd2 Nbd7 10. O-O-O Rc8 11. Kb1 Qc7 12. Nc1 b5 13. Nb3 h6 14. Be3 h5 15. Be2 Nb6 16. Bxb5+ axb5 17. Nxb5 Qb8 18. Bxb6 Qxb6 19. Nxd6+ Bxd6 20. Qxd6 Qxd6 21. Rxd6 Ke7 22. Rhd1 Bxb3 23. axb3 Rhd8 24. R6d2 Rxd2 25. Rxd2 Rd8 26. Re2 h4 27. b4 Nh5 28. Rf2 Nf4 29. g3 hxg3 30. hxg3 Nh5 31. Rg2 Rd1+ 32. Ka2 Rf1 33. b5 Kd6 34. Rd2+ Kc7 35. Rd5 f6 36. f4 Nxg3 37. fxe5 Nxe4 38. e6 Nd6 39. c4 Re1 40. Rc5+ Kb7 41. Rc6 Re3 42. Rxd6 g5 43. c5 Re5 44. b4 g4 45. Kb3 g3 46. Rd7+ Kc8 47. Rg7 Rg5 48. Rxg5 fxg5 49. e7 Kd7 50. b6 g2 51. b7 g1=Q 52. e8=Q+ Kxe8 53. b8=Q+ Kf7 54. Kc4 Qf1+ 55. Kd5 Qf3+ 56. Kc4 Qe4+ 57. Kb5 g4 58. Qd6 Qe2+ 59. Kb6 Qc4 60. b5 Qb3 61. c6 g3 62. c7 Qe3+ 63. Kb7 g2 64. c8=Q Qe4+ 65. Qcc6 Qxc6+ 66. Qxc6 g1=Q 67. b6 Qa1 68. Kb8 Ke7 69. b7 Qh8+ 70. Qc8 Qa1 71. Qc7+ Ke8 72. Kc8 Qd4 73. b8=Q Qg4+ 74. Kb7+ 1-0


[Site "https://www.chess.com"]

[Event "Titled Tuesday Blitz December 27 Late 2022"]
[White "Adewumi, Tanitoluwa"]
[Black "Smith, Garrett L"]
[WhiteFideId "30966396"]
[BlackFideId "2024829"]
[WhiteElo "2283"]
[BlackElo "2047"]
[Result "1-0"]
[Round "08"]
[TimeControl "180+2"]
[Date "2022.12.27"]
[WhiteClock "0:00:11"]
[BlackClock "0:00:32"]

1. e4 c5 2. Nf3 Nc6 3. Bb5 e6 4. Bxc6 bxc6 5. d3 Ne7 6. b3 Ng6 7. Bb2 f6 8. Nbd2 e5 9. O-O d6 10. Nc4 Be7 11. Ne3 O-O 12. Nf5 Be6 13. Nd2 Qd7 14. Ne3 Nf4 15. g3 Ng6 16. Qh5 d5 17. Rad1 a5 18. a4 Nh8 19. f4 d4 20. Nf5 g6 21. Nxe7+ Qxe7 22. Qh4 exf4 23. gxf4 Nf7 24. Nf3 Kh8 25. Kh1 Rae8 26. Ba3 g5 27. Qh5 Rg8 28. Rg1 gxf4 29. Bxc5 Qd7 30. Bxd4 Qd8 31. Qh4 Ne5 32. Nxe5 1-0


[Site "https://www.chess.com"]

[Event "Titled Tuesday Blitz December 27 Late 2022"]
[White "Adla, Diego"]
[Black "Ladan, Nicholas"]
[WhiteFideId "100072"]
[BlackFideId "30918855"]
[WhiteElo "2383"]
[BlackElo "2228"]
[Result "0-1"]
[Round "08"]
[TimeControl "180+2"]
[Date "2022.12.27"]
[WhiteClock "0:02:21"]
[BlackClock "0:00:54"]

1. e4 e5 2. Nf3 Nc6 3. Nc3 Nf6 4. d4 exd4 5. Nxd4 Bb4 6. Nxc6 bxc6 7. Bd3 O-O 8. O-O d5 9. exd5 cxd5 10. Bg5 c6 11. Na4 Be7 12. Re1 h6 13. Bh4 Re8 14. c3 Be6 15. Bc2 Ng4 16. Rxe6 fxe6 17. Bxe7 Qxe7 18. Qxg4 e5 19. Bg6 Rf8 20. h4 Rf4 21. Qd1 Raf8 22. f3 Qxh4 23. Bc2 Rxf3 24. Qxf3 Rxf3 25. gxf3 Qg3+ 26. Kf1 Qxf3+ 27. Kg1 e4 28. Rf1 Qg3+ 29. Kh1 e3 30. Bd3 Qh4+ 31. Kg2 Qxa4 32. a3 Qg4+ 33. Kh2 e2 34. Re1 Qh4+ 0-1


[Site "https://www.chess.com"]

[Event "Titled Tuesday Blitz December 27 Late 2022"]
[White "Aguilar, Juan"]
[Black "Rosen, Eric"]
[WhiteFideId "3800091"]
[BlackFideId "2032562"]
[WhiteElo "2254"]
[BlackElo "2349"]
[Result "1/2-1/2"]
[Round "08"]
[TimeControl "180+2"]
[Date "2022.12.27"]
[WhiteClock "0:00:11"]
[BlackClock "0:00:05"]

1. g3 d5 2. Bg2 Nf6 3. d3 e6 4. Nf3 Be7 5. O-O O-O 6. Nbd2 b6 7. e4 dxe4 8. Ng5 Bb7 9. Ngxe4 Nxe4 10. Nxe4 Qc8 11. Qf3 Kh8 12. Qh5 Nd7 13. Bg5 Bxg5 14. Nxg5 Nf6 15. Qh4 Bxg2 16. Kxg2 Qb7+ 17. Kg1 c5 18. Rae1 Kg8 19. Ne4 Nxe4 20. Qxe4 Qd7 21. f4 g6 22. b3 Rad8 23. a4 Qd4+ 24. Kg2 Rd5 25. Qxd4 cxd4 26. Rf2 Rc8 27. Re5 Rd6 28. Kf3 Rdc6 29. Ree2 Kf8 30. g4 Rc5 31. h3 Ke7 32. Ke4 Rd8 33. f5 gxf5+ 34. gxf5 Rdd5 35. f6+ Kd6 36. b4 Rc7 37. Rg2 Rh5 38. Rg7 Rh4+ 39. Rg4 Rxh3 40. Kxd4 Rf3 41. Rg7 Rxf6 42. Rxh7 Rf4+ 43. Re4 Rf2 44. c4 Rb2 45. b5 Ra2 46. Rg4 Rxa4 47. Rgg7 Ra1 48. Rxf7 Rxf7 49. Rxf7 e5+ 50. Kc3 Rc1+ 51. Kd2 Ra1 52. Rf5 Ke6 53. Rh5 Ra3 54. Ke3 Ra1 55. Rh6+ Kd7 56. Ke4 Re1+ 57. Kd5 Re3 58. Rh7+ Kd8 59. Rxa7 Rxd3+ 60. Kxe5 Kc8 61. Rh7 Rd1 62. Rh4 Kc7 63. Rh7+ Kc8 64. Rh6 Kc7 65. Rg6 Rd2 66. Rg7+ Kc8 67. Ke4 Rd1 68. Ke3 Rd6 69. Rg5 Rd1 70. Rd5 Rc1 71. Kd4 Kc7 72. Rh5 Rd1+ 73. Kc3 Rc1+ 74. Kd3 Rd1+ 75. Kc2 Rg1 76. Kc3 Rc1+ 77. Kd3 Rd1+ 78. Kc2 Rg1 79. Rh6 Kb7 80. Rd6 Rg2+ 81. Kc3 Rg1 82. Rd5 Rc1+ 83. Kd3 Re1 84. c5 Rd1+ 85. Kc4 Rc1+ 86. Kb4 Rb1+ 87. Kc4 Rc1+ 88. Kb4 Rb1+ 89. Kc4 bxc5 90. Kxc5 Rc1+ 91. Kb4 Rb1+ 92. Kc4 Rc1+ 93. Kb4 Rb1+ 94. Kc4 Rc1+ 95. Kd4 Kb6 96. Re5 Rd1+ 97. Ke4 Re1+ 98. Kf4 Rf1+ 99. Kg5 Rg1+ 100. Kf6 Rb1 101. Ke6 Rxb5 102. Rxb5+ Kxb5 1/2-1/2


[Site "https://www.chess.com"]

[Event "Titled Tuesday Blitz December 27 Late 2022"]
[White "Andreev, Eduard"]
[Black "Rego, Pedro Filipe"]
[WhiteFideId "14103400"]
[BlackFideId "1904310"]
[WhiteElo "2413"]
[BlackElo "2312"]
[Result "0-1"]
[Round "08"]
[TimeControl "180+2"]
[Date "2022.12.27"]
[WhiteClock "0:00:01"]
[BlackClock "0:00:07"]

1. Nf3 Nf6 2. g3 e6 3. Bg2 d5 4. d4 c5 5. O-O cxd4 6. Nxd4 h6 7. c4 Nc6 8. cxd5 Nxd5 9. Nxc6 bxc6 10. Qa4 Bd7 11. Rd1 Qc7 12. e4 Nb6 13. Qc2 Be7 14. Be3 c5 15. a4 O-O 16. a5 Nc8 17. Nd2 Bc6 18. Nc4 Rb8 19. Bf4 Qb7 20. Bxb8 Qxb8 21. f4 Nd6 22. Ne5 Bb5 23. Qxc5 Rc8 24. Qf2 Nc4 25. Nxc4 Rxc4 26. Kh1 Bc5 27. Qd2 Rb4 28. Rac1 Bf8 29. Qd8 Be2 30. Qxb8 Rxb8 31. Rd2 Bb5 32. Rc7 a6 33. Rdc2 Kh7 34. Rc8 Rxc8 35. Rxc8 Bb4 36. e5 g6 37. Bb7 Bxa5 38. Ra8 Bd2 39. Kg2 Bc1 40. b3 Bd3 41. Kf3 Bc2 42. Rxa6 Bd1+ 43. Kg2 Bxb3 44. Be4 Kg7 45. Ra7 Bd2 46. Bc6 Be3 47. Rb7 Bc4 48. Kh3 Bf1+ 49. Kg4 Be2+ 0-1


[Site "https://www.chess.com"]

[Event "Titled Tuesday Blitz December 27 Late 2022"]
[White "Antonova, Nadezhda"]
[Black "Novikova, Galina"]
[WhiteFideId "14700182"]
[BlackFideId "4157095"]
[WhiteElo "1945"]
[BlackElo "2073"]
[Result "0-1"]
[Round "08"]
[TimeControl "180+2"]
[Date "2022.12.27"]
[WhiteClock "0:00:01"]
[BlackClock "0:01:00"]

1. Nf3 e6 2. b3 f5 3. Bb2 Nf6 4. g3 Be7 5. Bg2 d6 6. O-O e5 7. d3 O-O 8. Nbd2 Nc6 9. a3 Qe8 10. e4 Qh5 11. h3 fxe4 12. g4 Qg6 13. dxe4 h5 14. Nh4 Qh6 15. Nf5 Bxf5 16. gxf5 h4 17. Nc4 Nh5 18. Ne3 Nf4 19. Ng4 Qh5 20. Bc1 Kh8 21. c3 g6 22. Bxf4 exf4 23. Qf3 gxf5 24. Qxf4 fxg4 25. Qxg4 Qxg4 26. hxg4 Bf6 27. Rac1 Be5 28. Rc2 Bf4 29. Bf3 Ne5 30. Kg2 Rg8 31. b4 Raf8 32. a4 h3+ 0-1


[Site "https://www.chess.com"]

[Event "Titled Tuesday Blitz December 27 Late 2022"]
[White "Araujo, Everson De Moura"]
[Black "Melikhov, Evgeny V."]
[WhiteFideId "22737197"]
[BlackFideId "4122046"]
[WhiteElo "1944"]
[BlackElo "2269"]
[Result "0-1"]
[Round "08"]
[TimeControl "180+2"]
[Date "2022.12.27"]
[WhiteClock "0:00:01"]
[BlackClock "0:00:25"]

1. c4 e5 2. Nc3 d6 3. Nf3 f5 4. d3 Nf6 5. g3 Be7 6. Bg2 O-O 7. b4 c6 8. b5 a6 9. a4 axb5 10. cxb5 Qe8 11. Ng5 h6 12. Qb3+ d5 13. Nf3 e4 14. dxe4 fxe4 15. Ne5 Bc5 16. bxc6 bxc6 17. Bb2 Qxe5 18. Nxe4 Bd4 19. f4 Qe7 20. Bxd4 Nxe4 21. O-O Ba6 22. Rfe1 Bc4 23. Qb2 Nd7 24. a5 c5 25. Bc3 d4 26. Bd2 Nxd2 27. Bxa8 Qe3+ 28. Kh1 Rxa8 29. Rad1 Bd5# 0-1


[Site "https://www.chess.com"]

[Event "Titled Tuesday Blitz December 27 Late 2022"]
[White "Araujo Sanchez, Josue"]
[Black "Kravtsiv, Martyn"]
[WhiteFideId "6416896"]
[BlackFideId "14113147"]
[WhiteElo "2303"]
[BlackElo "2598"]
[Result "0-1"]
[Round "08"]
[TimeControl "180+2"]
[Date "2022.12.27"]
[WhiteClock "0:00:16"]
[BlackClock "0:00:38"]

1. e4 e5 2. Nf3 Nc6 3. Bb5 a6 4. Ba4 Nf6 5. d3 b5 6. Bb3 Be7 7. O-O O-O 8. c3 d5 9. exd5 Nxd5 10. Re1 Bf6 11. Na3 b4 12. Nb1 Bf5 13. Bc2 Bg6 14. c4 Nf4 15. Bxf4 exf4 16. Qc1 Nd4 17. Nbd2 Nxc2 18. Qxc2 Bxd3 19. Qb3 a5 20. Rad1 a4 21. Qxb4 Qb8 22. Qa3 Bc2 23. Ne4 Bxb2 24. Qc5 Bxd1 25. Rxd1 Rd8 26. Rb1 a3 27. Qf5 Qc8 28. Qxf4 h6 29. h4 Qe6 30. Ng3 Re8 31. Nf5 Qe4 32. Qxe4 Rxe4 33. Ne3 Rd8 34. Kf1 f5 35. g3 f4 36. gxf4 Rxf4 37. Ke2 Rdf8 38. Nd2 Rxf2+ 39. Kd3 Rd8+ 40. Nd5 Rxd2+ 41. Kxd2 c6 0-1


[Site "https://www.chess.com"]